 Dungeon Crawl Stone Soup version 0.29.1-1-gd02db6906a (webtiles) character file.

Game seed: 1249821928418259394

205 Icepheonix32 the Insei (level 5, -1/37 HPs)
             Began as a Merfolk Transmuter on Sept 16, 2022.
             Slain by an orc priest
             ... wielding a +0 short sword
              (4 damage)
             ... on level 3 of the Dungeon.
             The game lasted 00:04:59 (3648 turns).

Icepheonix32 the Insei (Merfolk Transmuter)         Turns: 3648, Time: 00:04:59

Health: -1/37      AC:  2    Str: 10    XL:     5   Next: 83%
Magic:  8/8        EV: 14    Int: 14    God:
Gold:   104        SH:  0    Dex: 15    Spells: 2/8 levels left

rFire   . . .      SeeInvis .     - Unarmed
rCold   . . .      Faith    .   (no shield)
rNeg    . . .      Spirit   .   a - +0 robe
rPois   .          Reflect  .   (helmet currently unavailable)
rElec   .          Harm     .   (no cloak)
rCorr   .          Rampage  .   (no gloves)
Will    .....                   (boots currently unavailable)
Stlth   ++........              (no amulet)
HPRegen 0.12/turn               (no ring)
MPRegen 0.11/turn               (no ring)

@: mighty, appendages (expiring)
A: horns 2, (nimble swimmer 2), mertail
a: End Transformation


You were on level 3 of the Dungeon.
You had temporarily grown beastly horns.
You visited 1 branch of the dungeon, and saw 3 of its levels.

You collected 104 gold pieces.

Inventory:

Missiles
 d - 2 boomerangs
Armour
 a - a +0 robe (worn)
Magical Staves
 e - a staff of fire
Scrolls
 b - a scroll of teleportation
 c - a scroll of fear
 f - a scroll of amnesia {unknown}
 i - a scroll of magic mapping
Potions
 g - a potion of flight
 m - a potion of ambrosia {unknown}
 n - 2 potions of mutation {unknown}


   Skills:
 + Level 1.3 Fighting
 * Level 4.5 Dodging
 + Level 0.7 Stealth
 + Level 4.6 Unarmed Combat
 + Level 2.4 Spellcasting
 * Level 4.1 Transmutations
 * Level 1.5 Poison Magic


You had 2 spell levels left.
You knew the following spells:

 Your Spells              Type           Power      Damage    Failure   Level
a - Beastly Appendage     Tmut           26%        N/A       4%          1
b - Wereblood             Tmut           13%        N/A       6%          2
c - Spider Form           Tmut/Pois      9%         N/A       22%         3

Your spell library contained the following spells:

 Spells                   Type           Power      Damage    Failure   Level
 Ice Form                 Ice/Tmut       7%         N/A       67%         4


Dungeon Overview and Level Annotations

Branches:
Dungeon (3/15)

Altars:
Wu Jian


Innate Abilities, Weirdness & Mutations

You have temporarily grown beastly horns.
((You are very nimble when in or above water. (Stealth+, EV+, Speed+++)))
Your lower body shifts to a powerful aquatic tail in water.


Message History

You hit the orc but do no damage. The orc hits you with a +0 hand axe.
An orc priest comes into view. It is wielding a +0 short sword.
You barely miss the orc. You punch the orc.
The orc is heavily wounded.
The orc closely misses you.
You punch the orc!
You kill the orc!
The orc priest looks braver for a moment.
You hit the orc.
The orc is heavily wounded.
The orc misses you.
You hit the orc.
The orc is severely wounded.
You punch the orc!
You kill the orc!
The orc priest looks braver for a moment.
Found a stone staircase leading down.
The orc priest shouts!
Items here: ( )) ††.
You completely miss the orc priest.
The orc priest invokes the aid of Beogh against you.
Beogh smites you!
* * * LOW HITPOINT WARNING * * *
You barely miss the orc priest. You headbutt the orc priest!
The orc priest is heavily wounded.
The orc priest hits you with a +0 short sword.
* * * LOW HITPOINT WARNING * * *
You hit the orc priest. You headbutt the orc priest.
The orc priest is almost dead.
The orc priest misses you.
You barely miss the orc priest. Your headbutt misses the orc priest.
The orc priest is almost dead.
The orc priest hits you with a +0 short sword.
* * * LOW HITPOINT WARNING * * *
The orc priest casts a cantrip, but nothing happens.
Unknown command.
It was a potion of might.
You feel very mighty all of a sudden.
Your transformation is almost over.
The orc priest hits you with a +0 short sword.
You die...

.#########.# #.........#
#.# #.≈≈≈≈≈≈≈.####.# #
#≈..≈≈≈..≈# ...# ..
#≈.≈...≈.≈# #..# ...
#≈.≈._.≈.≈# #..# .>..
#≈.≈...≈.≈# #..# .....
#≈..≈≈≈..≈###..###o.....
#.≈≈≈≈≈≈≈.#.....@o....#
#.........#.....####....
.#########.......... .
## #.......###..
#...[...# #.......#
#.......# #.......#
#########


You could see 2 orc priests.

Vanquished Creatures
  2 orc wizards (D:3)
  7 gnolls
  3 adders
  2 dart slugs
  10 orcs
  2 bats (D:1)
  3 endoplasms
  2 giant cockroaches (D:1)
  5 goblins
  3 hobgoblins
  2 ball pythons
  6 frilled lizards
  4 rats
51 creatures vanquished.

Notes
Turn   | Place    | Note
-------+----------+-------------------------------------------
     0 | D:1      | Icepheonix32 the Merfolk Transmuter began the quest for the
                  | Orb.
     0 | D:1      | Reached XP level 1. HP: 15/15 MP: 3/3
   312 | D:1      | Reached XP level 2. HP: 21/21 MP: 3/5
  1209 | D:2      | Reached XP level 3. HP: 24/26 MP: 6/6
  1386 | D:2      | Learned a level 2 spell: Wereblood
  1390 | D:2      | Learned a level 3 spell: Spider Form
  1878 | D:2      | Reached XP level 4. HP: 18/32 MP: 5/7
  2681 | D:3      | Reached skill level 1 in Poison Magic
  2681 | D:3      | Reached XP level 5. HP: 26/37 MP: 8/8
  3242 | D:3      | Found an ornate altar of the Wu Jian Council.
  3648 | D:3      | Slain by an orc priest

Illustrated notes

Levels and vault maps discovered:
D:1:      lightli_arrival_windingriver, layout_rooms, minmay_door_square,
          roderic_serpentine_path, minmay_misc_feat_plants
D:2:      layout_basic
D:3:      layout_basic, mainiacjoe_overflow_paths, mainiacjoe_overflow_alcove_2

Skill      XL: |  1  2  3  4  5 |
---------------+----------------+-----
Dodging        | 3 4 |  4.5
Unarmed Combat | 4 |  4.6
Transmutations | 3 4 |  4.1
Poison Magic   | 1 |  1.5
Fighting       | |  1.3
Stealth        | |  0.7
Spellcasting   | |  2.4

Action                   |  1- 3 |  4- 6 || total
-------------------------+-------+-------++-------
Melee: Unarmed           |    98 |    90 ||   188
       Headbutt          |    13 |    10 ||    23
       Punch             |     3 |     2 ||     5
 Cast: Beastly Appendage |    19 |    12 ||    31
       Wereblood         |       |     2 ||     2
       Spider Form       |       |     1 ||     1
  Use: Scroll            |     1 |     5 ||     6
       Potion            |       |     3 ||     3
Armor: Robe              |    16 |     3 ||    19
       Skin              |       |     3 ||     3
Dodge: Dodged            |    54 |    42 ||    96
